 Dungeon Crawl Stone Soup version 0.19-a0-1886-gd64a0f0 (webtiles) character file.

189 vev the Ruffian (level 5, -4/28 HPs)
             Began as a Vine Stalker Abyssal Knight on Oct 16, 2016.
             Was a Priest of Lugonu.
             Slain by a bullfrog (5 damage)
             ... in a sewer.
             The game lasted 00:08:16 (2548 turns).

vev the Ruffian (Vine Stalker Abyssal Knight)       Turns: 2548, Time: 00:08:17

Health: -4/28      AC:  7    Str: 15    XL:     5   Next: 68%
Magic:  0/8        EV: 16    Int: 12    God:    Lugonu [***...]
Gold:   98         SH:  0    Dex: 19    Spells: 0 memorised, 4 levels left

rFire  + . .     SeeInvis .       - Unarmed
rCold  . . .     Gourm    .     d - +1 ring mail {rF+}
rNeg   . . .     Faith    .     (no shield)
rPois  .         Spirit   +     (no helmet)
rElec  .         Dismiss  .     q - +0 cloak
rCorr  .         Reflect  .     (no gloves)
MR     .....     Harm     .     (no boots)
Stlth  ++........               (no amulet)
                                (no ring)
                                (no ring)

@: agile
A: fangs 2, regeneration 1, magic shield, antimagic bite, no device heal 3, rot
immunity
a: Depart the Abyss, Bend Space, Banish, Renounce Religion


You were in a sewer.
You worshipped Lugonu.
Lugonu was most pleased with you.
You were not hungry.

You visited 1 branch of the dungeon, and saw 3 of its levels.
You visited the Abyss 1 time.
You also visited: Sewer.

You collected 98 gold pieces.

Inventory:

Armour
 a - a +0 leather armour
 d - a +1 ring mail of fire resistance (worn)
 j - a +0 ring mail
 q - a +0 cloak (worn)
Scrolls
 c - a scroll of enchant armour {unknown}
 e - 3 scrolls of remove curse
 g - a scroll of immolation {unknown}
 i - a scroll of identify
 n - 2 scrolls of teleportation {unknown}
 o - 2 scrolls of blinking {unknown}
Potions
 f - 2 potions of mutation
 l - a potion of curing {unknown}
 p - a potion of flight {unknown}
Comestibles
 b - 3 bread rations
 h - 3 fruits
 m - 4 meat rations
 r - a royal jelly
 s - 5 chunks of flesh


   Skills:
 + Level 3.3 Fighting
 + Level 2.3 Armour
 + Level 1.7 Dodging
 * Level 3.6 Unarmed Combat
 + Level 2.7 Invocations


You had 4 spell levels left.
You didn't know any spells.

Dungeon Overview and Level Annotations

Branches:
Dungeon (3/15)

Altars:

Annotations:
D:3 p0werm0de's ghost, amateur OpAr


Innate Abilities, Weirdness & Mutations

You have extremely sharp teeth.
Your natural rate of healing is unusually fast.
When hurt, damage is shared between your health and your magic reserves.
Your bite disrupts and absorbs the magic of your enemies.
Potions and wands cannot restore your health.
You are immune to rotting.


Message History

Some of the chunks of flesh in your inventory have rotted away.
You hit the bullfrog.
The bullfrog is moderately wounded.
The bullfrog closely misses you.
The bullfrog hits you but does no damage.
The bullfrog hits you.
* * * LOW HITPOINT WARNING * * *
You are too injured to fight recklessly!
As you read the scroll labeled TELA HIUSOOM, it crumbles to dust.
It is a scroll of identify.
f - 2 potions of mutation The bullfrog closely misses you.
The bullfrog hits you.
* * * LOW HITPOINT WARNING * * *
The bullfrog completely misses you.
It was a potion of agility.
You feel agile all of a sudden. The bullfrog hits you.
* * * LOW HITPOINT WARNING * * *
The bullfrog closely misses you. The bullfrog hits you.
You die...

#.# ≈≈≈≈≈≈#.≈≈≈.##.≈.#
#.#
≈≈≈≈≈≈≈≈≈≈.≈≈≈.###≈##
#.# ≈≈≈≈≈≈≈≈≈≈≈.≈≈≈.#
#.# #.#
≈≈≈≈≈≈≈≈≈≈≈.≈≈≈.# #.#
#.# ≈≈≈≈≈.≈≈≈≈≈.≈≈≈.#
#∩# #.#
≈≈≈≈.(≈≈≈≈≈††≈≈.# #.#
#.# ≈≈≈≈.:$|≈≈≈≈≈≈≈≈.#
#∩# #.#
#≈≈≈≈≈.!≈≈≈≈≈≈≈≈≈.# #.#
#.# #≈≈≈≈≈.≈≈.@≈≈≈≈≈≈.#
### #.#
#≈≈≈≈≈.≈≈FF≈≈≈≈≈≈.# #≈#
#≈≈≈.≈..≈≈≈≈≈≈≈≈.# #≈#
#≈≈∩.≈.≈≈≈≈≈≈≈≈≈.# #≈#
#≈≈≈≈.≈≈≈≈≈≈≈≈≈≈.# #.#
#≈≈≈≈≈≈≈≈≈≈≈≈≈≈.# #≈#
#≈≈≈≈≈≈≈≈≈≈≈≈≈≈.# #≈#
##≈≈≈≈≈≈≈≈≈.≈≈≈.#
#.########≈≈≈≈≈≈≈≈.≈≈≈.#


You could see 2 bullfrogs.

Vanquished Creatures
  An orc priest (D:3)
  5 adders
  3 worms (D:3)
  3 dart slugs (D:1)
  5 leopard geckos
  8 orcs
  2 ball pythons (Sewer)
  3 bats
  11 giant cockroaches
  9 goblins
  9 hobgoblins
  4 quokkas (D:2)
  6 frilled lizards
  8 kobolds
  13 rats
90 creatures vanquished.

Vanquished Creatures (others)
  A jackal (D:3)
1 creature vanquished.

Grand Total: 91 creatures vanquished

Notes
Turn   | Place    | Note
-------+----------+-------------------------------------------
     0 | Abyss:1  | vev the Vine Stalker Abyssal Knight began the quest for the Orb.
     0 | Abyss:1  | Reached XP level 1. HP: 11/11 MP: 3/3
    19 | Abyss:1  | Noticed a small abomination
    25 | Abyss:1  | Found a bloodstained altar of Trog.
    41 | D:1      | Escaped the Abyss
   146 | D:1      | Reached skill level 1 in Dodging
   190 | D:1      | Reached XP level 2. HP: 14/16 MP: 4/4
   209 | D:1      | Reached * piety under Lugonu
   371 | D:1      | Reached skill level 2 in Invocations
   488 | D:1      | Reached skill level 3 in Fighting
   665 | D:1      | Reached XP level 3. HP: 13/20 MP: 5/5
  1665 | D:2      | Gained mutation: Your natural rate of healing is unusually fast. [Vine Stalker growth]
  1665 | D:2      | Reached XP level 4. HP: 18/24 MP: 6/6
  1815 | D:3      | Reached ** piety under Lugonu
  1816 | D:3      | Noticed p0werm0de's ghost (amateur OpAr)
  1999 | D:3      | Reached skill level 2 in Armour
  1999 | D:3      | Reached skill level 3 in Unarmed Combat
  1999 | D:3      | Reached XP level 5. HP: 11/28 MP: 7/7
  2276 | D:3      | Found a glowing drain.
  2280 | Sewer    | Entered a sewer
  2458 | Sewer    | Reached *** piety under Lugonu
  2547 | Sewer    | HP: 2/28 [bullfrog (5)]
  2548 | Sewer    | Slain by a bullfrog

Vault maps used:
D:1:      erik_arrival_blinker_ship, amethyst_killhole
D:2:      minmay_tetromino_s4
D:3:      okawaru_altar_gauntlet_db, elyvilon_altar_4, gup_sewer_entry_spiral
Sewer:    sewer_frog_island_01

Skill      XL: |  1  2  3  4 |
---------------+-------------+-----
Dodging        | 1 |  1.7
Invocations    | 2 |  2.7
Fighting       | 3 |  3.3
Armour         | 2 |  2.3
Unarmed Combat | 3 |  3.6

Action                   |  1- 3 |  4- 6 || total
-------------------------+-------+-------++-------
Melee: Unarmed           |   192 |   188 ||   380
       Bite              |    54 |    45 ||    99
       Punch             |     2 |     3 ||     5
Invok: Depart the Abyss  |     1 |       ||     1
  Use: Scroll            |     1 |     1 ||     2
       Potion            |       |     1 ||     1
 Stab: Sleeping          |     1 |       ||     1
  Eat: Chunk             |     3 |     3 ||     6
Armor: Leather armour    |     6 |       ||     6
       Ring mail         |    54 |    72 ||   126
Dodge: Dodged            |    95 |   125 ||   220
